Map: Acid Plant LE

Players

Mage

  • Race: Protoss Protoss
  • Spawn Location: 11:00

Zanster - Winner!

  • Race: Zerg Zerg
  • Spawn Location: 5:00

Event: WCS Montreal 2018

VOD

Have the link to the VOD?

Description

Time

  • Played on: Sept. 7, 2018, 12:30 p.m.
  • Length: 3:27

All games in this series

Show
View Real Time Build Order
Export as new Build Order

Mage Protoss 

Build Orders: 1 Gate Expand, Phoenix Opening 

Get SALT Encoding   

  12  0:00  Probe  
  13  0:12  Probe  
  14  0:17  Pylon  
  14  0:24  Probe  
  15  0:32  Probe  
  15  0:39  Gateway  
  15  0:40  Probe  
  16  0:47  Assimilator  
  17  0:51  Probe  
  18  1:03  Probe  
  19  1:15  Probe  
  20  1:25  Nexus  
  20  1:35  Cybernetics Core  
  20  1:38  Probe  
  21  1:43  Assimilator  
  21  1:50  Probe  
  22  1:55  Pylon  
  22  2:02  Probe  
  23  2:13  Adept  
  23  2:14  Probe  
  26  2:23  Stargate  
  26  2:26  Probe  
  27  2:33  Probe  
  27  2:34  Probe  
  28  2:41  Probe  
  28  2:42  Probe  
  28  2:43  Adept  
  31  2:51  Probe  
  33  2:53  Probe  
  33  2:58  Phoenix  
  35  3:03  Probe  
  35  3:05  Pylon, Probe  
  39  3:15  Probe  
  40  3:25  Gateway  
Show
View Real Time Build Order
Export as new Build Order

Zanster Zerg - Winner!

Build Orders: Hatch First 

Get SALT Encoding   

  12  0:01  Drone  
  13  0:12  Overlord  
  13  0:17  Drone  
  14  0:31  Drone  
  14  0:32  Drone  
  16  0:48  Hatchery  
  15  0:52  Drone  
  15  0:55  Drone  
  17  0:59  Drone  
  18  1:09  Extractor  
  17  1:16  Spawning Pool  
  17  1:17  Drone  
  17  1:20  Drone  
  18  1:28  Drone  
  19  1:39  Drone  
  20  1:50  Overlord  
  20  2:03  Zergling x2, Queen x2  
  20  2:04  Zergling x2  
  26  2:13  Zergling x4  
  28  2:24  Zergling x4  
  30  2:35  Hatchery  
  29  2:44  Overlord  
  29  2:50  Zergling x6  
  32  2:55  Zergling x4  
Tags
 
Add a new tag
Caveats
  • Supply blocks, unpowered buildings, or Contaminate may cause inaccurate times.
  • Supply counts are checked every 10 seconds.